 Dungeon Crawl Stone Soup version 0.28-a0-258-g8de209e91f (webtiles) character file.

Game seed: 14029522208592524817

2481 Tocho the Martial Artist (level 9, -1/67 (72) HPs)
             Began as a Yellow Draconian Transmuter on Aug 26, 2021.
             Slain by a wight (3 damage)
             ... on level 8 of the Dungeon.
             The game lasted 00:19:55 (7469 turns).

Tocho the Martial Artist (DrTm)                     Turns: 7469, Time: 00:19:55

HP:   -1/67 (72)    AC:  8    Str: 15    XL:     9   Next: 27%
MP:   15/16         EV: 15    Int: 14    God:
Gold: 108           SH:  0    Dex: 19    Spells: 14/17 levels left

rFire   x . .      SeeInvis .     - Unarmed
rCold   . . .      Faith    .   (no shield)
rNeg    . . .      Spirit   .   (armour unavailable)
rPois   .          Reflect  .   p - +0 hat "Nukkikaefu" {rF- Str+3 Dex+4}
rElec   .          Harm     .   (no cloak)
rCorr   +          Rampage  .   h - +0 pair of gloves
Will    .....                   (no boots)
Stlth   ++........              (no amulet)
HPRegen 0.21/turn               g - +4 ring of slaying
MPRegen 0.15/turn               (no ring)

@: wereblooded, drained
A: spit acid, AC +7, unfitting armour, cold-blooded, acid resistance
a: Breathe Acid


You were on level 8 of the Dungeon.
You visited 2 branches of the dungeon, and saw 9 of its levels.

You collected 288 gold pieces.
You spent 180 gold pieces at shops.

Inventory:

Armour
 h - a +0 pair of gloves (worn)
 p - the +0 hat "Nukkikaefu" (worn) {rF- Str+3 Dex+4}
   (You bought it in a shop on level 2 of the Dungeon)

   Str:       It affects your strength (+3).
   Dex:       It affects your dexterity (+4).
   rF:        It makes you vulnerable to fire.
Jewellery
 g - a +4 ring of slaying (left hand)
Wands
 o - a wand of mindburst (14)
 u - a wand of iceblast (10)
Scrolls
 a - a scroll of teleportation {unknown}
 e - a scroll of enchant armour {unknown}
 j - 2 scrolls of immolation {unknown}
 k - a scroll of blinking {unknown}
 l - a scroll of summoning
 m - 3 scrolls of noise {unknown}
 q - 2 scrolls of identify
 r - a scroll of amnesia {unknown}
Potions
 b - 3 potions of berserk rage {unknown}
 c - 3 potions of degeneration {unknown}
 d - 2 potions of heal wounds {unknown}
 f - 2 potions of lignification
 i - a potion of might {unknown}
 n - 4 potions of curing
 s - a potion of mutation {unknown}
 t - a potion of magic {unknown}
 v - 2 potions of brilliance {unknown}


   Skills:
 * Level 4.6 Fighting
 * Level 5.2 Dodging
 - Level 2.4 Stealth
 + Level 8.3 Unarmed Combat
 + Level 4.9 Spellcasting
 + Level 4.5 Transmutations


You had 14 spell levels left.
You knew the following spells:

 Your Spells              Type           Power      Damage    Failure   Level
a - Beastly Appendage     Tmut           32%        N/A       2%          1
b - Wereblood             Tmut           16%        N/A       4%          2

Your spell library contained the following spells:

 Spells                   Type           Power      Damage    Failure   Level
 Shock                    Conj/Air       12%        1d3       19%         1
 Spider Form              Tmut/Pois      4%         N/A       21%         3
 Blink                    Tloc           N/A        N/A       26%         2
 Swiftness                Air            3%         N/A       47%         3
 Ice Form                 Ice/Tmut       9%         N/A       56%         4
 Airstrike                Air            1%         N/A       87%         4
 Manifold Assault         Tloc           3%         N/A       99%         5
 Storm Form               Tmut/Air       4%         N/A       100%        7


Dungeon Overview and Level Annotations

Branches:
Dungeon (8/15)             Temple (1/1) D:6
   Lair: D:8-11

Altars:
Ashenzari
Cheibriados
Dithmenos
Elyvilon
Fedhas
Gozag
Hepliaklqana
Kikubaaqudgha
Makhleb
Nemelex Xobeh
Qazlal
Ru
Sif Muna
Trog
Uskayaw
Vehumet
Wu Jian
Xom
Yredelemnul
Zin
The Shining One

Shops:
D:2 ([   D:5 *   D:7 (


Innate Abilities, Weirdness & Mutations

You can spit globs of acid.
Your golden yellow scales are hard. (AC +7)
You cannot fit into any form of body armour.
You are cold-blooded and may be slowed by cold attacks.
You are resistant to acid. (rCorr)


Message History

You hit the wight but do no damage.
The wight is almost destroyed.
The wight completely misses you. The wight hits you but does no damage.
The wight hits you with a +4 short sword.
You feel drained.
You hit the wight.
You feel a bit better.
You destroy the wight!
The wight closely misses you.
The wight hits you with a +4 short sword.
You feel drained.
You punch the wight!
You feel a bit better.
You destroy the wight!
You howl as the wereblood boils in your veins!
Your life force feels restored.
You hit the wight.
You tail-slap the wight, but do no damage.
The wight is lightly damaged.
You howl as the wereblood boils in your veins!
You have got your breath back.
The wight closely misses you.
You closely miss the wight.
The wight is lightly damaged.
The wight misses you.
You completely miss the wight.
Your tail-slap misses the wight.
The wight is lightly damaged.
The wight hits you with a +4 mace!
* * * LOW HITPOINT WARNING * * *
You feel drained.
You hit the wight.
The wight is moderately damaged.
The wight hits you with a +4 mace.
* * * LOW HITPOINT WARNING * * *
You feel drained.
* * * LOW HITPOINT WARNING * * *
You hit the wight. You tail-slap the wight.
The wight is almost destroyed.
The wight hits you with a +4 mace!
* * * LOW HITPOINT WARNING * * *
You feel drained.
You die...

# #######
#.#.#.z...#
#....@).#
#.#.#.)...#
# ......#
.#####.# #.
# #


You could see a wight.

Vanquished Creatures
  A steam dragon (D:7)
  Duvessa (D:5)
  An orc warrior (D:7)
  A black bear (D:4)
  An ice beast (D:4)
  2 centaurs (D:7)
  A necrophage (D:6)
  4 ogres
  A phantom (D:4)
  2 scorpions
  2 bullfrogs (D:6)
  A wyvern zombie (D:6)
  A water moccasin zombie (D:5)
  A water moccasin skeleton (D:5)
  Dowan (D:5)
  6 wights
  A crimson imp (D:5)
  A hound (D:4)
  A bullfrog zombie (D:6)
  A jelly (D:6)
  An iguana (D:6)
  A bullfrog skeleton (D:6)
  3 centaur skeletons
  Natasha (thrice) (D:3)
  An orc wizard (D:7)
  A hound skeleton (D:4)
  Robin (D:2)
  10 adders
  2 shadow imps
  2 ufetubi
  An adder skeleton (D:4)
  2 worms (D:2)
  4 dart slugs
  8 orcs
  4 endoplasms
  5 giant cockroaches
  12 goblins
  9 hobgoblins
  12 jackals
  7 quokkas
  14 ball pythons
  10 bats
  6 frilled lizards
  8 kobolds
  6 rats
164 creatures vanquished.

Vanquished Creatures (others)
  A minotaur (D:1)
  A gargoyle (D:1)
  A troll (D:1)
  A formicid (D:1)
  A spriggan (D:1)
  2 demigods (D:1)
  A naga (D:1)
  2 dwarves (D:1)
  A felid (D:1)
  A barachi (D:1)
  A mummy (D:1)
  A gnoll (D:1)
  A kobold (D:1)
  7 tentacles (D:1)
22 creatures vanquished.

Grand Total: 186 creatures vanquished

Notes
Turn   | Place    | Note
-------+----------+-------------------------------------------
     0 | D:1      | Tocho the Draconian Transmuter began the quest for the Orb.
     0 | D:1      | Reached XP level 1. HP: 16/16 MP: 3/3
     2 | D:1      | Noticed a demigod
     2 | D:1      | Noticed a formicid
     2 | D:1      | Noticed a dwarf
     2 | D:1      | Noticed a felid
     2 | D:1      | Noticed a barachi
     2 | D:1      | Noticed a gargoyle
     2 | D:1      | Noticed a kraken
     2 | D:1      | Noticed a demigod
     2 | D:1      | Noticed a spriggan
     2 | D:1      | Noticed a minotaur
     2 | D:1      | Noticed a dwarf
     2 | D:1      | Noticed a naga
     2 | D:1      | Noticed a troll
     3 | D:1      | Killed a dwarf
     5 | D:1      | Killed a gargoyle
     5 | D:1      | Killed a spriggan
     5 | D:1      | Killed a barachi
     7 | D:1      | Killed a felid
     7 | D:1      | Killed a demigod
     8 | D:1      | Killed a dwarf
    10 | D:1      | Killed a formicid
    10 | D:1      | Killed a demigod
    12 | D:1      | Killed a troll
    13 | D:1      | Killed a naga
    14 | D:1      | Killed a minotaur
   125 | D:1      | Reached XP level 2. HP: 3/23 MP: 3/5
   413 | D:1      | Learned a level 2 spell: Wereblood
   440 | D:1      | Found a faded altar of an unknown god.
   841 | D:1      | Reached XP level 3. HP: 28/28 MP: 6/6
  1548 | D:2      | Found Xain's Antique Weapon Emporium.
  1557 | D:2      | Found Yricyinui's Antique Armour Boutique.
  1815 | D:2      | Reached XP level 4. HP: 12/35 MP: 3/7
  2067 | D:2      | Reached skill level 4 in Unarmed Combat
  2187 | D:3      | Noticed Robin
  2520 | D:2      | Killed Robin
  2521 | D:2      | Reached XP level 5. HP: 19/40 MP: 5/8
  2770 | D:3      | Found a stormy altar of Qazlal.
  2930 | D:3      | Noticed Natasha
  2959 | D:3      | Killed Natasha
  2966 | D:3      | Noticed Natasha
  2984 | D:3      | Killed Natasha
  3003 | D:3      | Noticed Natasha
  3014 | D:3      | Killed Natasha
  3264 | D:3      | Reached XP level 6. HP: 48/48 MP: 8/10
  3486 | D:3      | Found a bloodstained altar of Trog.
  3486 | D:3      | Found a hide-covered altar of Uskayaw.
  3847 | D:4      | Reached skill level 1 in Stealth
  3867 | D:4      | Reached skill level 5 in Unarmed Combat
  3873 | D:4      | Your scales start taking on a golden yellow colour.
  3873 | D:4      | Reached XP level 7. HP: 33/55 MP: 7/12
  3873 | D:4      | Gained mutation: You are resistant to acid. (rCorr) [Yellow
                  | Draconian growth]
  4203 | D:4      | Reached skill level 6 in Unarmed Combat
  4510 | D:5      | Entered Level 5 of the Dungeon
  4510 | D:5      | Noticed Dowan
  4514 | D:5      | Noticed Duvessa
  4522 | D:5      | Killed Dowan
  4527 | D:5      | Killed Duvessa
  4536 | D:5      | Reached XP level 8. HP: 26/62 MP: 11/14
  5077 | D:5      | Found a burning altar of Makhleb.
  5078 | D:5      | Found a shimmering altar of Xom.
  5165 | D:5      | Found Ihanuege's Assorted Antiques.
  5283 | D:2      | Bought a bloodstained hat for 180 gold pieces
  5283 | D:2      | Identified the +0 hat "Nukkikaefu" {rF- Str+3 Dex+4} (You
                  | bought it in a shop on level 2 of the Dungeon)
  5428 | D:6      | Found a staircase to the Ecumenical Temple.
  5451 | Temple   | Entered the Ecumenical Temple
  5788 | D:6      | Reached skill level 7 in Unarmed Combat
  6590 | D:7      | Reached XP level 9. HP: 55/71 MP: 13/16
  6752 | D:7      | Found Cucoupn's Antique Weapon Shoppe.
  6914 | D:7      | Reached skill level 5 in Dodging
  6914 | D:7      | Reached skill level 8 in Unarmed Combat
  7441 | D:7      | Noticed a boulder beetle
  7469 | D:8      | HP: 2/69 [wight (10)]
  7469 | D:8      | Slain by a wight

Illustrated notes

Levels and vault maps discovered:
D:1:      nicolae_arrival_kraken_aquarium_b, layout_loops_ring,
          hellmonk_ecumenical_altar_run_dry
D:2:      cheibrodos_helix_gallery, layout_basic, serial_shops, shop,
          nicolae_shop_statue_plus
D:3:      layout_rooms, mainiacjoe_overflow_catwalk,
          gammafunk_temple_overflow_elements, gup_sewer_entry_pipe,
          minmay_tree_intersection, minivault_24, uniq_robin, uniq_natasha
D:4:      layout_rooms
D:5:      layout_gridville, grunt_temple_overflow_champion_of_chaos,
          serial_shops, nicolae_shop_competitors_out_of_business,
          nicolae_shop_self_help, uniq_duvessa
D:6:      layout_loops_cross, minmay_temple_entry_slanted
D:7:      layout_basic, serial_shops, nicolae_shop_overgrown_old_shop,
          serial_co_window_serial, co_window_paths_a, co_window_paths_a,
          co_window_corner_a, co_window_paths_a, co_window_paths_a,
          co_window_cross_2, co_window_broadway_b, co_window_broadway_a,
          glass_columns_a, glass_columns_a, glass_columns_a,
          chequers_serial_rivers_marsh
D:8:      layout_basic, due_lair_maze_entry_diamond, grunt_decor_cap,
          uniq_maurice
Temple:   eino_temple_rhombus

Skill      XL: |  1  2  3  4  5  6  7  8  9 |
---------------+----------------------------+-----
Dodging        | 2 3 4 5 |  5.2
Unarmed Combat | 4 5 6 7 8 |  8.3
Spellcasting   | 3 4 |  4.9
Fighting       | 2 4 |  4.6
Stealth        | 1 2 |  2.4
Transmutations | 3 4 |  4.5

Action                   |  1- 3 |  4- 6 |  7- 9 || total
-------------------------+-------+-------+-------++-------
Melee: Unarmed           |   136 |   160 |   161 ||   457
       Headbutt          |    10 |    13 |     5 ||    28
       Kick              |    10 |    27 |    11 ||    48
       Tailslap          |    14 |    18 |    32 ||    64
       Punch             |     2 |     2 |     4 ||     8
 Cast: Beastly Appendage |    14 |    18 |     8 ||    40
       Wereblood         |     5 |    11 |    11 ||    27
 Abil: Breathe Acid      |       |       |     7 ||     7
  Use: Scroll            |       |       |     3 ||     3
 Stab: Sleeping          |     1 |     3 |     5 ||     9
Armor: Skin              |    61 |    79 |    35 ||   175
Dodge: Dodged            |    98 |   157 |   100 ||   355

Table legend: (Time is in decaauts)
 A = Elapsed time spent in this place.
 B = Non-inter-level travel time spent in this place.
 C = Inter-level travel time spent in this place.
 D = Time resting spent in this place.
 E = Time spent auto-exploring this place.
 F = Levels seen in this place.
 G = Mean time per level.
                   A        B        C        D        E       F      G
               +--------+--------+--------+--------+--------+-----+--------+
         Total |   7443 |   7057 |    386 |   1130 |   4527 |   9 |  827.0 |
       Dungeon |   7161 |   6889 |    272 |   1130 |   4373 |   8 |  895.1 |
        Temple |    282 |    168 |    114 |      0 |    154 |   1 |  282.0 |
               +--------+--------+--------+--------+--------+-----+--------+

Top non-repeatable levels by time:
     D:2: 1654 daAuts
     D:1: 1156 daAuts
     D:3: 1065 daAuts
     D:7: 893 daAuts
     D:6: 886 daAuts
     D:4: 797 daAuts
     D:5: 695 daAuts
  Temple: 282 daAuts
     D:8: 11 daAuts
